[Event "Titled Tuesday Blitz January 17 Early 2023"]
[White "sabkeIXO"]
[Black "Tologon tegin, Semetei"]
[BlackFideId "13800574"]
[WhiteElo "2481"]
[BlackElo "2372"]
[Result "1-0"]
[Round "10"]
[TimeControl "180+2"]
[Date "2023.01.17"]
[WhiteClock "0:01:26"]
[BlackClock "0:00:16"]

1. e4 e5 2. Nf3 Nc6 3. d4 exd4 4. Bc4 Nf6 5. e5 d5 6. Bb5 Ne4 7. Nxd4 Bd7 8. Bxc6 bxc6 9. O-O Be7 10. f3 Ng5 11. f4 Ne4 12. Nc3 Nxc3 13. bxc3 c5 14. Nb3 c6 15. f5 g6 16. f6 Bf8 17. Be3 c4 18. Nd4 c5 19. Nf3 Be6 20. Ng5 Qd7 21. Rb1 Bh6 22. Qd2 Rc8 23. Nxe6 Bxe3+ 24. Qxe3 Qxe6 25. Rb7 Qg4 26. Re7+ Kd8 27. h3 Qe4 28. Qxe4 1-0


[Site "https://www.chess.com"]

[Event "Titled Tuesday Blitz January 17 Early 2023"]
[White "Kukula, Pawel"]
[Black "Fernandez Garcia, Gumersindo"]
[WhiteFideId "1115081"]
[BlackFideId "24516740"]
[WhiteElo "2135"]
[BlackElo "2160"]
[Result "0-1"]
[Round "10"]
[TimeControl "180+2"]
[Date "2023.01.17"]
[WhiteClock "0:00:02"]
[BlackClock "0:00:03"]

1. e4 c5 2. Nf3 g6 3. g3 Bg7 4. Bg2 Nc6 5. O-O d6 6. c3 Bg4 7. d3 e5 8. h3 Bxf3 9. Bxf3 Nge7 10. a4 O-O 11. Na3 f5 12. Nc4 f4 13. Kg2 g5 14. g4 Ng6 15. Nd2 Nh4+ 16. Kh2 Qd7 17. Be2 Ne7 18. a5 Neg6 19. b4 Kh8 20. Bb2 Rf7 21. Ba3 f3 22. Nxf3 Nxf3+ 23. Bxf3 Raf8 24. Bg2 Rxf2 25. Rxf2 Rxf2 26. Qb1 Qf7 27. Qg1 Nh4 28. Rf1 Qf4+ 29. Kh1 Rxf1 30. Qxf1 Qe3 31. bxc5 dxc5 32. Bc1 Qg3 33. Bxg5 Nxg2 34. Qxg2 Qxd3 35. Bd2 c4 36. Kg1 b5 37. axb6 axb6 38. Qf2 b5 39. Qe3 Qc2 40. Kg2 h6 41. Kg3 Kh7 42. h4 Qd1 43. g5 h5 44. g6+ Kxg6 45. Qg5+ Kh7 46. Qf5+ Kg8 47. Qc8+ Kf7 48. Qf5+ Ke7 49. Bg5+ Ke8 50. Qg6+ Kf8 51. Qf5+ Kg8 52. Qe6+ Kh8 53. Qe8+ Kh7 54. Qxh5+ Qxh5 0-1


[Site "https://www.chess.com"]

[Event "Titled Tuesday Blitz January 17 Early 2023"]
[White "Aizpurua, Patrick Emilio"]
[Black "Sreyas Payyappat"]
[WhiteFideId "6600522"]
[BlackFideId "46674969"]
[WhiteElo "2304"]
[BlackElo "2076"]
[Result "1-0"]
[Round "10"]
[TimeControl "180+2"]
[Date "2023.01.17"]
[WhiteClock "0:00:48"]
[BlackClock "0:00:13"]

1. d4 Nf6 2. c4 c5 3. e3 e6 4. Be2 cxd4 5. exd4 d5 6. Nf3 Nc6 7. O-O dxc4 8. Bxc4 Bd6 9. Bg5 O-O 10. Nc3 Be7 11. Re1 h6 12. Bh4 Nd5 13. Bxe7 Ncxe7 14. Ne5 a6 15. Qf3 b5 16. Bd3 Bb7 17. Qg3 Rc8 18. Rad1 Nf5 19. Bxf5 exf5 20. h4 f4 21. Qh3 Nxc3 22. bxc3 Qd5 23. Rd3 f6 24. Ng6 Rce8 25. Ne7+ Kh8 26. Nxd5 Rxe1+ 27. Kh2 Bxd5 28. Rd2 Rfe8 29. Qf5 Bc4 30. Qxf4 a5 31. f3 a4 32. d5 a3 33. d6 Rd8 34. d7 Be6 35. Qc7 Rxd7 36. Rxd7 Bxd7 37. Qxd7 Re2 38. Qxb5 Rxa2 39. Qb8+ Kh7 40. Qb1+ 1-0


[Site "https://www.chess.com"]

[Event "Titled Tuesday Blitz January 17 Early 2023"]
[White "Jimenez, Joaquin"]
[Black "Mohamed Anees M"]
[WhiteFideId "109860"]
[BlackFideId "35065815"]
[WhiteElo "2195"]
[BlackElo "2315"]
[Result "0-1"]
[Round "10"]
[TimeControl "180+2"]
[Date "2023.01.17"]
[WhiteClock "0:00:02"]
[BlackClock "0:00:30"]

1. e4 d5 2. exd5 Nf6 3. c4 c6 4. d4 cxd5 5. Nc3 Nc6 6. Bg5 dxc4 7. Bxc4 Qxd4 8. Qxd4 Nxd4 9. Bxf6 exf6 10. O-O-O Nc6 11. Nb5 Rb8 12. Nc7+ Ke7 13. Nd5+ Ke8 14. Nc7+ Ke7 15. Nf3 Ne5 16. Rhe1 g6 17. Nd5+ Ke6 18. Nc7+ Ke7 19. Nxe5 fxe5 20. Rxe5+ Kf6 21. f4 Bh6 22. g3 Bf5 23. Rd6+ Kg7 24. Re7 Rhf8 25. Bd3 Bxd3 26. Rxd3 Kf6 27. Rdd7 g5 28. Nd5+ Kg7 29. f5 g4+ 30. Kb1 Bg5 31. Re4 h5 32. Nc7 Kg8 33. f6 Bxf6 34. Rd5 Rbc8 35. Nb5 Rfd8 36. Rxd8+ Rxd8 37. Rf4 Bg5 38. Rf5 f6 39. Nc3 Kf7 40. Ne4 Kg6 41. Rc5 Rd1+ 42. Kc2 Rc1+ 43. Kd3 Rd1+ 44. Kc4 f5 45. Nc3 Rd2 46. b4 Rxh2 47. Rc7 Bf6 48. Kd5 Rc2 49. Nb5 Rxc7 50. Nxc7 h4 51. Ne6 h3 52. b5 h2 53. Nf4+ Kf7 0-1


[Site "https://www.chess.com"]

[Event "Titled Tuesday Blitz January 17 Early 2023"]
[White "Gurevich, Dmitry"]
[Black "Ginzburg, Yakov"]
[WhiteFideId "2000407"]
[BlackFideId "4157176"]
[WhiteElo "2393"]
[BlackElo "2405"]
[Result "0-1"]
[Round "10"]
[TimeControl "180+2"]
[Date "2023.01.17"]
[WhiteClock "0:01:23"]
[BlackClock "0:00:31"]

1. d4 d5 2. c4 c6 3. cxd5 cxd5 4. Bg5 Qb6 5. Qd2 Nf6 6. Bxf6 Qxf6 7. Nc3 Qd6 8. Nf3 Bf5 9. Rc1 a6 10. e3 e6 11. Nh4 Bg4 12. h3 Bh5 13. g4 Bg6 14. Bg2 Be7 15. Nxg6 hxg6 16. O-O Nd7 17. e4 dxe4 18. Nxe4 Qb6 19. d5 O-O 20. dxe6 Qxe6 21. Rfe1 Rad8 22. Qa5 Bh4 23. Re2 Rfe8 24. Nc3 Qc4 25. Bd5 Qf4 26. Rf1 Rxe2 27. Nxe2 Qe5 28. Nc3 Rc8 29. Bxb7 Qxa5 0-1


[Site "https://www.chess.com"]

[Event "Titled Tuesday Blitz January 17 Early 2023"]
[White "Martynov, Pavel"]
[Black "Becerra, Juan David"]
[WhiteFideId "4101260"]
[BlackFideId "4404998"]
[WhiteElo "2414"]
[BlackElo "2382"]
[Result "1-0"]
[Round "10"]
[TimeControl "180+2"]
[Date "2023.01.17"]
[WhiteClock "0:00:07"]
[BlackClock "0:00:12"]

1. e4 e5 2. Nf3 Nc6 3. Bb5 a6 4. Ba4 f5 5. Nc3 fxe4 6. Nxe4 Nf6 7. Qe2 b5 8. Bb3 d6 9. d3 Na5 10. Bg5 Nxb3 11. axb3 Be7 12. h4 Be6 13. h5 h6 14. Be3 Nxe4 15. dxe4 O-O 16. Qd2 c5 17. b4 Qc7 18. Nh4 Bxh4 19. Rxh4 cxb4 20. Qxb4 Qxc2 21. Rc1 Qd3 22. Rd1 Qc4 23. Qxc4 Bxc4 24. Rxd6 Rfd8 25. Rb6 Rdb8 26. Rg6 Kh7 27. Rhg4 Rb7 28. f3 a5 29. Rb6 Rxb6 30. Bxb6 Bf7 31. Bc7 Bxh5 32. Rh4 Bf7 33. Bxe5 b4 34. Rg4 g5 35. f4 Kg6 36. f5+ Kh7 37. Rg3 a4 38. Bd6 a3 39. bxa3 b3 40. Kd2 Rc8 41. Be5 Re8 42. Bb2 Rxe4 43. Re3 Rf4 44. Rf3 Rc4 45. Rc3 Rg4 46. Rc7 Rxg2+ 47. Kc1 Rc2+ 48. Rxc2 bxc2 49. Kxc2 Bd5 50. Kd3 Ba2 51. Kd4 h5 52. Ke5 h4 53. Kf6 g4 54. Kg5 g3 55. Kxh4 g2 56. Bd4 Bb1 57. Kg5 Kg8 58. a4 Bd3 59. Kf6 Kf8 60. a5 Ba6 61. Ke6 Bc8+ 62. Kf6 Ba6 63. Bc5+ Kg8 64. Ke7 Bc4 65. f6 1-0


[Site "https://www.chess.com"]

[Event "Titled Tuesday Blitz January 17 Early 2023"]
[White "Sielecki, Christof"]
[Black "Tokhirjonova, Gulrukhbegim"]
[WhiteFideId "4620437"]
[BlackFideId "14203626"]
[WhiteElo "2419"]
[BlackElo "2340"]
[Result "1-0"]
[Round "10"]
[TimeControl "180+2"]
[Date "2023.01.17"]
[WhiteClock "0:00:25"]
[BlackClock "0:00:17"]

1. e4 e5 2. Nf3 Nc6 3. Bb5 a6 4. Ba4 Nf6 5. d3 b5 6. Bb3 Bc5 7. Nc3 O-O 8. Nd5 h6 9. c3 d6 10. Nxf6+ Qxf6 11. Bd5 Bb7 12. g4 Rae8 13. g5 hxg5 14. Bxg5 Qg6 15. Rg1 Qh5 16. Bf6 g6 17. Rg5 Qh6 18. Rg4 Nd8 19. Rh4 Qxh4 20. Nxh4 c6 21. Bb3 Ne6 22. Qg4 Kh7 23. Nf3 Ng7 24. Ng5+ Kg8 25. Bxg7 Kxg7 26. O-O-O d5 27. d4 Bd6 28. f4 exd4 29. e5 Bc8 30. Qg3 Bc7 31. cxd4 f6 32. Nf3 fxe5 33. Nxe5 Bf5 34. Bc2 Bxe5 35. fxe5 Rf7 36. Rg1 Re6 37. Bxf5 Rxf5 38. h4 Kf7 39. Qg4 Ke7 40. a3 c5 41. dxc5 Rfxe5 42. Kb1 Kd7 43. Rf1 Kc6 44. Qg3 a5 45. Ka2 b4 46. Qb3 Kxc5 47. Rc1+ Kb5 48. a4+ Kb6 49. Qd3 d4 50. Qxd4+ Kb7 51. Qd7+ Kb6 52. Qc7+ Ka6 53. Rc6+ Rxc6 54. Qxc6+ Ka7 55. Qc7+ Ka6 56. Qxe5 1-0


[Site "https://www.chess.com"]

[Event "Titled Tuesday Blitz January 17 Early 2023"]
[White "Degenbaev, Aziz"]
[Black "Hirneise, Jens"]
[WhiteFideId "13802640"]
[BlackFideId "24614734"]
[WhiteElo "2203"]
[BlackElo "2277"]
[Result "0-1"]
[Round "10"]
[TimeControl "180+2"]
[Date "2023.01.17"]
[WhiteClock "0:00:01"]
[BlackClock "0:01:14"]

1. e4 c5 2. Nf3 e6 3. g3 Nc6 4. Bg2 d5 5. exd5 Qxd5 6. Nc3 Qd8 7. O-O Nf6 8. d3 Be7 9. Qe2 O-O 10. Bf4 Bd7 11. Rad1 Nd4 12. Nxd4 cxd4 13. Ne4 Bc6 14. Be5 Rc8 15. f4 Nxe4 16. dxe4 Bc5 17. Qc4 Qb6 18. b4 Bxb4 19. Bxd4 Qb5 20. Qb3 Bc5 21. c3 Qa5 22. Rb1 b6 23. Kh1 Ba4 24. Qb2 Rfd8 25. Rbc1 Qb5 26. Qf2 Qc4 27. Bxc5 Rxc5 28. f5 exf5 29. exf5 Bc6 30. f6 g6 31. Rcd1 Bxg2+ 32. Qxg2 Rcc8 33. Rxd8+ Rxd8 34. Rc1 Qe6 35. Qf3 h6 36. Rf1 Kh7 37. Qf4 Qc6+ 38. Qf3 Qc4 39. Qf4 Qxa2 40. Qc7 Rd2 41. Kg1 Rg2+ 0-1


[Site "https://www.chess.com"]

[Event "Titled Tuesday Blitz January 17 Early 2023"]
[White "Gutkin, Ilya"]
[Black "Le Ruyet, Leopold"]
[WhiteFideId "16203470"]
[BlackFideId "645923"]
[WhiteElo "2273"]
[BlackElo "2245"]
[Result "0-1"]
[Round "10"]
[TimeControl "180+2"]
[Date "2023.01.17"]
[WhiteClock "0:00:08"]
[BlackClock "0:00:11"]

1. e4 c5 2. Nf3 d6 3. d4 cxd4 4. Nxd4 Nf6 5. Nc3 a6 6. Bg5 e6 7. Qd2 Be7 8. O-O-O Nbd7 9. f3 Qc7 10. Kb1 b5 11. g4 b4 12. Nce2 h6 13. Be3 Ne5 14. Nc1 d5 15. Bf4 dxe4 16. fxe4 g5 17. Bxe5 Qxe5 18. Nc6 Qc7 19. Nxe7 Qxe7 20. e5 Nd5 21. Bg2 Bb7 22. Qf2 O-O-O 23. Nb3 Nf4 24. Bxb7+ Qxb7 25. Rhf1 Rxd1+ 26. Rxd1 Rd8 27. Qc5+ Qc7 28. Rxd8+ Kxd8 29. Qf8+ Kd7 30. Qxf7+ Kc6 31. Nd4+ Kb6 32. Qxc7+ Kxc7 33. c3 bxc3 34. bxc3 Kb6 35. Kc2 Kc5 36. Kb3 Kd5 37. Kb4 Kxe5 38. Nc6+ Kd6 39. Nb8 Nd5+ 40. Kb3 Nc7 41. c4 e5 42. Kb4 e4 43. c5+ Kd5 44. Nd7 e3 45. Kc3 Kc6 46. Ne5+ Kxc5 47. Nc4 Nd5+ 48. Kd3 Kb4 49. Nxe3 Nxe3 50. Kxe3 Ka3 51. Kd3 Kxa2 52. Kc3 Ka3 53. Kc4 Ka4 54. Kc3 Kb5 55. Kb3 a5 56. Ka3 Kc5 57. Ka4 Kd4 58. Kxa5 Ke4 59. Kb4 Kf4 60. Kc3 Kxg4 61. Kd3 Kh3 62. Ke4 Kxh2 63. Kf5 Kg3 64. Kg6 g4 65. Kxh6 Kf3 0-1


[Site "https://www.chess.com"]

[Event "Titled Tuesday Blitz January 17 Early 2023"]
[White "Bazarov, Konstantin"]
[Black "Donskov, Anatoly"]
[WhiteFideId "4137000"]
[BlackFideId "24143413"]
[WhiteElo "2235"]
[BlackElo "2279"]
[Result "0-1"]
[Round "10"]
[TimeControl "180+2"]
[Date "2023.01.17"]
[WhiteClock "0:01:00"]
[BlackClock "0:00:48"]

1. c4 e6 2. Nf3 d5 3. e3 Nf6 4. Nc3 dxc4 5. Bxc4 c5 6. d4 a6 7. b3 b5 8. Be2 Bb7 9. O-O Be7 10. dxc5 Bxc5 11. Qxd8+ Kxd8 12. Bb2 Ke7 13. Rac1 Nbd7 14. Rfd1 g6 15. a3 Rhc8 16. h3 Bd6 17. Nd4 Nc5 18. b4 Ncd7 19. Bf3 Bxf3 20. Nxf3 Nb6 21. Nxb5 Rxc1 22. Rxc1 axb5 23. Rc6 Nc4 24. Bxf6+ Kxf6 25. Nd4 Rxa3 26. g3 Ra1+ 27. Kg2 Bxb4 28. Nxb5 Ne5 29. Nd4 Nxc6 0-1


[Site "https://www.chess.com"]

[Event "Titled Tuesday Blitz January 17 Early 2023"]
[White "Bommini, Mounika Akshaya"]
[Black "Ansh M Shah"]
[WhiteFideId "25019872"]
[BlackFideId "25033379"]
[WhiteElo "2118"]
[BlackElo "2171"]
[Result "0-1"]
[Round "10"]
[TimeControl "180+2"]
[Date "2023.01.17"]
[WhiteClock "0:00:54"]
[BlackClock "0:02:12"]

1. d4 Nf6 2. c4 e6 3. Nc3 d5 4. cxd5 exd5 5. Bg5 Be7 6. e3 O-O 7. Bd3 c6 8. Nge2 Nbd7 9. O-O Re8 10. Qc2 h6 11. Bh4 Ne4 12. Nxe4 Bxh4 13. Nd6 Re6 14. Bh7+ Kf8 15. Nf5 Bf6 16. Nf4 Re8 17. Nd6 Re7 18. Nh5 Re6 19. Bf5 Rxd6 20. Bg4 Kg8 21. Ng3 Nf8 0-1


[Site "https://www.chess.com"]

[Event "Titled Tuesday Blitz January 17 Early 2023"]
[White "Shipov, Sergei"]
[Black "Miszler, Levente"]
[WhiteFideId "4113624"]
[BlackFideId "763276"]
[WhiteElo "2541"]
[BlackElo "2271"]
[Result "1-0"]
[Round "10"]
[TimeControl "180+2"]
[Date "2023.01.17"]
[WhiteClock "0:00:54"]
[BlackClock "0:00:11"]

1. d4 d5 2. c4 c6 3. Nc3 Nf6 4. Nf3 e6 5. e3 Be7 6. Bd3 O-O 7. O-O dxc4 8. Bxc4 b5 9. Bd3 Nbd7 10. e4 Bb7 11. e5 Nd5 12. Nxd5 exd5 13. Be3 Re8 14. Rc1 Nf8 15. g3 Ne6 16. h4 a6 17. Re1 c5 18. dxc5 d4 19. Nxd4 Qd5 20. f3 Bxc5 21. Be4 Qd7 22. Nxe6 Qxd1 23. Rcxd1 Bxe3+ 24. Rxe3 Bxe4 25. Rxe4 Rxe6 26. Kf2 g6 27. g4 Rc8 28. Rd2 f6 29. Rde2 fxe5 30. Rxe5 Rxe5 31. Rxe5 Rc2+ 32. Re2 Rc4 33. b3 Rc3 34. Kg3 Kf7 35. Kf4 h6 36. Rd2 Ke6 37. Ke4 a5 38. Rd5 Rc2 39. Rxb5 Rxa2 40. Rb6+ Kf7 41. Ke5 Re2+ 42. Kf4 Rb2 43. h5 gxh5 44. gxh5 a4 45. Rxh6 Rxb3 46. Ra6 Rb4+ 47. Kg5 Rb5+ 48. Kg4 Rb4+ 49. f4 Kg7 50. Kg5 Kh7 51. Ra7+ Kh8 52. f5 Rb8 53. Rxa4 Rb7 54. Kg6 Rg7+ 55. Kf6 Rb7 56. Ra8+ Kh7 57. Re8 Rb6+ 58. Kf7 Rb5 59. f6 Rxh5 60. Kf8 Kg6 61. f7 Rh8+ 62. Ke7 Rh7 63. Rg8+ Kf5 64. Ke8 Ke6 65. f8=Q 1-0


[Site "https://www.chess.com"]

[Event "Titled Tuesday Blitz January 17 Early 2023"]
[White "Atakhan, Abtin"]
[Black "Heinemann, Josefine"]
[WhiteFideId "22502203"]
[BlackFideId "12900460"]
[WhiteElo "2422"]
[BlackElo "2289"]
[Result "1-0"]
[Round "10"]
[TimeControl "180+2"]
[Date "2023.01.17"]
[WhiteClock "0:00:31"]
[BlackClock "0:01:06"]

1. d4 Nf6 2. c4 e6 3. Nf3 d5 4. Nc3 c5 5. cxd5 Nxd5 6. e4 Nxc3 7. bxc3 cxd4 8. cxd4 Bb4+ 9. Bd2 Bxd2+ 10. Qxd2 O-O 11. Bc4 Nd7 12. O-O b6 13. Rac1 Bb7 14. Qf4 Rc8 15. Bd3 Rxc1 16. Rxc1 Qb8 17. Qxb8 Rxb8 18. Rc7 Nf6 19. Ng5 h6 20. Nxf7 Nxe4 21. Ne5 Bd5 22. h4 a5 23. a4 Nd6 24. Nd7 Rc8 25. Rxc8+ Nxc8 26. Ba6 Ne7 27. Nxb6 Nc6 28. Nxd5 exd5 29. Bb7 Nxd4 30. Bxd5+ Kf8 31. f3 g5 32. hxg5 hxg5 33. Kf2 Ke7 34. Ke3 Nf5+ 35. Ke4 Kf6 36. Bc4 Nh4 37. Bf1 Nf5 38. Bd3 Nh4 39. g3 Nf5 40. g4 Nh4 41. Bc4 Ke7 42. Bd5 Kd6 43. Bb7 Kc5 44. Ke5 Kb4 45. Kf6 Kxa4 46. Kxg5 Ng2 47. f4 Ne3 48. f5 Nc4 49. Kf6 Nd6 50. Bc6+ Kb4 51. g5 a4 52. Bxa4 Ne4+ 53. Kg6 Kxa4 54. f6 1-0


[Site "https://www.chess.com"]

[Event "Titled Tuesday Blitz January 17 Early 2023"]
[White "Tasev, Dejan"]
[Black "Marn, Jan"]
[WhiteFideId "936618"]
[BlackFideId "14619245"]
[WhiteElo "2205"]
[BlackElo "2345"]
[Result "0-1"]
[Round "10"]
[TimeControl "180+2"]
[Date "2023.01.17"]
[WhiteClock "0:00:15"]
[BlackClock "0:00:21"]

1. e4 e5 2. Nf3 Nc6 3. Bb5 a6 4. Ba4 d6 5. c3 Bd7 6. O-O Nge7 7. Re1 Ng6 8. d4 Be7 9. Be3 h6 10. Nbd2 Bg5 11. dxe5 Bxe3 12. Rxe3 dxe5 13. Nf1 Qf6 14. Ng3 Nf4 15. b4 Rd8 16. Qe1 O-O 17. Rd1 Bg4 18. Bb3 Rxd1 19. Qxd1 Rd8 20. Qe1 Ne7 21. Nd2 Neg6 22. h3 Be6 23. Nf3 Rd7 24. Nh2 Bxb3 25. axb3 Qd8 26. Qf1 Nh4 27. Ng4 Nhxg2 28. Qxg2 Nxg2 29. Kxg2 Rd3 30. Kf3 Rxe3+ 31. Kxe3 f6 32. Nf5 Qd1 33. Ne7+ Kf7 34. Nd5 Qxb3 35. Kd2 c6 36. Nde3 h5 37. Nh2 b6 38. Nf3 a5 39. bxa5 bxa5 40. Ne1 a4 41. N1c2 a3 42. Kd3 a2 43. f3 Qb1 44. Kd2 a1=Q 45. Nxa1 Qxa1 46. Kd3 Qb1+ 47. Kd2 Qb2+ 48. Kd3 Qf2 0-1


[Site "https://www.chess.com"]

[Event "Titled Tuesday Blitz January 17 Early 2023"]
[White "Golubev, Mikhail"]
[Black "Szyszylo, Rafal"]
[WhiteFideId "14100983"]
[BlackFideId "1109626"]
[WhiteElo "2461"]
[BlackElo "2091"]
[Result "1-0"]
[Round "10"]
[TimeControl "180+2"]
[Date "2023.01.17"]
[WhiteClock "0:00:48"]
[BlackClock "0:00:05"]

1. e4 d6 2. d4 g6 3. c4 Nf6 4. Nc3 Bg7 5. Be2 O-O 6. Be3 Na6 7. Nf3 e5 8. d5 Nc5 9. Nd2 a5 10. g4 c6 11. g5 Ne8 12. h4 f5 13. gxf6 Nxf6 14. h5 a4 15. hxg6 hxg6 16. Rg1 Qa5 17. Qc2 Kf7 18. O-O-O cxd5 19. cxd5 b5 20. Bxc5 dxc5 21. Bxb5 Bd7 22. Nc4 Qb4 23. Nxe5+ Ke7 24. Bxd7 Nxd7 25. Nc6+ Kf7 26. Nxb4 cxb4 27. e5 Nxe5 28. f4 bxc3 29. fxe5 cxb2+ 30. Kb1 Ra6 31. d6 Bxe5 32. Qxg6# 1-0


[Site "https://www.chess.com"]

[Event "Titled Tuesday Blitz January 17 Early 2023"]
[White "Fiorito, Francisco"]
[Black "Luukkonen, Tommi"]
[WhiteFideId "180165"]
[BlackFideId "501808"]
[WhiteElo "2305"]
[BlackElo "2292"]
[Result "1-0"]
[Round "10"]
[TimeControl "180+2"]
[Date "2023.01.17"]
[WhiteClock "0:00:42"]
[BlackClock "0:00:26"]

1. d4 d5 2. Nf3 e6 3. Bf4 c5 4. e3 Nc6 5. c3 Nf6 6. Bd3 cxd4 7. exd4 Bd6 8. Bg3 O-O 9. O-O Bxg3 10. hxg3 Ne7 11. Nbd2 b6 12. Ne5 Bb7 13. Re1 Nc8 14. Qe2 Nd6 15. Ndf3 h6 16. g4 Nfe4 17. Nd2 Nxd2 18. Qxd2 Ne4 19. Bxe4 dxe4 20. Qf4 Qd5 21. Re3 f6 22. Ng6 Rf7 23. Qg3 Re8 24. b3 Qg5 25. Nf4 e5 26. Nh3 Qg6 27. Rae1 exd4 28. cxd4 Rd7 29. Nf4 Qg5 30. Ne2 Rc8 31. Nf4 Rc2 32. a4 Kh7 33. Kh2 Re7 34. Nh3 Qd5 35. Rd1 g5 36. f3 Qd7 37. d5 exf3 38. Rxf3 Bxd5 39. Rf5 Re5 40. Rxe5 1-0


[Site "https://www.chess.com"]

[Event "Titled Tuesday Blitz January 17 Early 2023"]
[White "Zherebtsova, Alexandra"]
[Black "Cappai, Davide"]
[WhiteFideId "24129518"]
[BlackFideId "813338"]
[WhiteElo "2155"]
[BlackElo "2140"]
[Result "0-1"]
[Round "10"]
[TimeControl "180+2"]
[Date "2023.01.17"]
[WhiteClock "0:00:01"]
[BlackClock "0:01:20"]

1. d4 Nf6 2. Nf3 c5 3. d5 e6 4. Nc3 g6 5. e4 Bg7 6. e5 Nxd5 7. Nxd5 exd5 8. Qxd5 O-O 9. Bc4 Nc6 10. O-O b6 11. Bg5 Qc7 12. Rad1 Rb8 13. Rfe1 Nb4 14. Qd2 Bb7 15. c3 Nc6 16. Qxd7 Qxd7 17. Rxd7 Na5 18. Bd5 Bxd5 19. Rxd5 Rfe8 20. Rd7 h6 21. Bh4 Nc4 22. Rxa7 Nxb2 23. Bg3 Nd3 24. Re3 c4 25. h3 b5 26. Kh2 Rb6 27. h4 h5 28. Kh3 Bh6 29. Ng5 Bxg5 30. hxg5 Rbe6 31. Rf3 R8e7 32. Ra8+ Kg7 33. Rb8 Nxe5 34. Bxe5+ Rxe5 35. Rb6 Rxg5 36. g3 Rd5 37. Kg2 Rd3 38. Rxb5 Rxf3 39. Kxf3 Rd7 40. Ke2 Rd3 41. Rc5 Rxc3 42. a4 Rc2+ 43. Ke3 c3 44. a5 Ra2 45. Rxc3 Rxa5 46. Kf3 Rf5+ 47. Kg2 Rb5 48. Rd3 g5 49. Rc3 Kg6 50. Rd3 f6 51. Rc3 Rd5 52. Rb3 Rd4 53. Rc3 h4 54. gxh4 Rxh4 55. Rf3 Rd4 56. Ra3 f5 57. Ra6+ Kh5 58. Ra8 Kg4 59. Ra3 f4 60. Rb3 Rc4 61. Ra3 Rc5 62. Rb3 Ra5 63. Rc3 Kf5 64. Rb3 g4 65. Rc3 Kg5 66. Rb3 Kh4 67. Rb8 Rh5 68. Rb7 Rh6 69. Rb8 Rh7 0-1


[Site "https://www.chess.com"]

[Event "Titled Tuesday Blitz January 17 Early 2023"]
[White "Forgacs, Attila Jr."]
[Black "Lehtosaari, Mauri"]
[WhiteFideId "773654"]
[BlackFideId "501999"]
[WhiteElo "2264"]
[BlackElo "2176"]
[Result "0-1"]
[Round "10"]
[TimeControl "180+2"]
[Date "2023.01.17"]
[WhiteClock "0:00:11"]
[BlackClock "0:00:18"]

1. e4 c5 2. Nf3 e6 3. d4 cxd4 4. Nxd4 Nc6 5. Nc3 Qc7 6. Be3 a6 7. a3 b5 8. Nxc6 Qxc6 9. Be2 Bb7 10. Qd3 d6 11. Bf3 Qc7 12. O-O Nf6 13. Rfe1 Be7 14. Rad1 O-O 15. g3 Rac8 16. Bg2 Rfd8 17. Qe2 h6 18. h3 Bc6 19. Kh2 Qb7 20. Bc1 a5 21. Rd4 b4 22. axb4 axb4 23. Na2 d5 24. e5 Nd7 25. Qg4 Kh8 26. Nxb4 Nf8 27. Nd3 Ng6 28. Qh5 Bf8 29. Rg4 Be8 30. Nf4 Nxf4 31. Bxf4 Rxc2 32. Rh4 Qxb2 33. Rg1 Rxf2 34. Qg4 Kh7 0-1


[Site "https://www.chess.com"]

[Event "Titled Tuesday Blitz January 17 Early 2023"]
[White "Goltseva, Ekaterina"]
[Black "Dinu, Dumitru-Daniel"]
[WhiteFideId "24173770"]
[BlackFideId "1208403"]
[WhiteElo "2283"]
[BlackElo "2203"]
[Result "0-1"]
[Round "10"]
[TimeControl "180+2"]
[Date "2023.01.17"]
[WhiteClock "0:00:01"]
[BlackClock "0:00:21"]

1. Nf3 Nf6 2. e3 e6 3. c4 d5 4. Nc3 Be7 5. b3 O-O 6. Bb2 c5 7. cxd5 exd5 8. d4 Nc6 9. Be2 Bg4 10. dxc5 Bxc5 11. O-O a6 12. Rc1 Ba7 13. Na4 Ne4 14. Nd4 Bxe2 15. Nxe2 Rc8 16. Nac3 Nxc3 17. Bxc3 Qe7 18. Qxd5 Rcd8 19. Qf3 Rd3 20. Nf4 Rd6 21. Qg3 g6 22. h4 Bb8 23. h5 Rfd8 24. hxg6 fxg6 25. Qg4 Ne5 26. Qe2 Nd3 27. Nxd3 Rxd3 28. Rfd1 Qd6 29. f4 Rxd1+ 0-1


[Site "https://www.chess.com"]

[Event "Titled Tuesday Blitz January 17 Early 2023"]
[White "Tarasova, Viktoriya"]
[Black "Khamdamova, Afruza"]
[WhiteFideId "4175840"]
[BlackFideId "14210444"]
[WhiteElo "2226"]
[BlackElo "2162"]
[Result "1-0"]
[Round "10"]
[TimeControl "180+2"]
[Date "2023.01.17"]
[WhiteClock "0:00:28"]
[BlackClock "0:00:20"]

1. d4 d5 2. c4 e6 3. Nc3 Nf6 4. cxd5 exd5 5. Bg5 Be7 6. Qc2 O-O 7. e3 c6 8. Bd3 h6 9. Bh4 Be6 10. Nge2 Nbd7 11. O-O Re8 12. f3 Rc8 13. Bf2 a5 14. h3 b5 15. e4 b4 16. Na4 Nb6 17. Nc5 Bxc5 18. dxc5 Nc4 19. Nd4 Ne5 20. Ba6 Rc7 21. f4 Nc4 22. Nxe6 Rxe6 23. e5 Ne4 24. Bxc4 Nxf2 25. Rxf2 dxc4 26. Rd1 Rd7 27. Rxd7 Qxd7 28. Qxc4 Qd1+ 29. Kh2 h5 30. Qe4 Qd7 31. f5 Rh6 32. Re2 h4 33. e6 fxe6 34. fxe6 Qc7+ 35. Kg1 Rf6 36. e7 1-0


[Site "https://www.chess.com"]

[Event "Titled Tuesday Blitz January 17 Early 2023"]
[White "Tomaszewski, Kacper"]
[Black "Silva, Pedro Gil Ferreira Da"]
[WhiteFideId "1127373"]
[BlackFideId "1946102"]
[WhiteElo "2313"]
[BlackElo "2227"]
[Result "1-0"]
[Round "10"]
[TimeControl "180+2"]
[Date "2023.01.17"]
[WhiteClock "0:01:34"]
[BlackClock "0:00:44"]

1. e4 c6 2. Nf3 d5 3. d3 g6 4. Nbd2 Bg7 5. g3 Nf6 6. Bg2 O-O 7. O-O Nbd7 8. c3 e5 9. Qc2 Re8 10. Rd1 Qe7 11. h3 a5 12. a3 dxe4 13. dxe4 Nc5 14. Rb1 Rd8 15. Bf1 Be6 16. b4 axb4 17. axb4 Ra2 18. Rb2 Rxb2 19. Bxb2 Ncd7 20. Nc4 Ne8 21. Bc1 h6 22. Be3 Ra8 23. Qb2 Nc7 24. Na5 Rb8 25. Ba7 Ra8 26. Be3 Rb8 27. Kh2 Nf8 28. Ba7 Ra8 29. Bc5 Qe8 30. Nxb7 Ra2 31. Qc1 Nb5 32. Rd8 1-0


[Site "https://www.chess.com"]

[Event "Titled Tuesday Blitz January 17 Early 2023"]
[White "Nguyen Hong Nhung"]
[Black "Andreev, Konstantin"]
[WhiteFideId "12412201"]
[BlackFideId "24239305"]
[WhiteElo "2003"]
[BlackElo "2195"]
[Result "1-0"]
[Round "10"]
[TimeControl "180+2"]
[Date "2023.01.17"]
[WhiteClock "0:01:22"]
[BlackClock "0:02:08"]

1. e4 c5 2. Nf3 e6 3. d4 cxd4 4. Nxd4 Nc6 5. Nc3 a6 6. Be3 Qc7 7. Qd2 b5 8. f3 Nf6 9. O-O-O Be7 10. g4 b4 11. Nce2 d5 12. g5 Nd7 13. Nxc6 Qxc6 14. exd5 exd5 15. Nd4 Qa4 16. Kb1 Ne5 17. Bf4 Nc4 18. Bxc4 dxc4 19. Rhe1 Ra7 20. Nc6 O-O 21. Nxe7+ Kh8 22. Nxc8 b3 23. cxb3 cxb3 24. a3 1-0


[Site "https://www.chess.com"]

[Event "Titled Tuesday Blitz January 17 Early 2023"]
[White "Carrasco Miranda, Andres"]
[Black "Shuvalov, Evgenij"]
[WhiteFideId "3405990"]
[BlackFideId "4187237"]
[WhiteElo "2240"]
[BlackElo "2038"]
[Result "1/2-1/2"]
[Round "10"]
[TimeControl "180+2"]
[Date "2023.01.17"]
[WhiteClock "0:00:39"]
[BlackClock "0:00:59"]

1. d4 Nf6 2. c4 c5 3. d5 b5 4. cxb5 a6 5. bxa6 Bxa6 6. Nc3 d6 7. e4 Bxf1 8. Kxf1 g6 9. g3 Bg7 10. Kg2 O-O 11. Nf3 Nbd7 12. a4 Qb6 13. Qc2 c4 14. Be3 Nc5 15. e5 dxe5 16. Nxe5 Rfd8 17. Nxc4 Qb4 18. Ne5 Nb3 19. Rad1 Qb7 20. Nc6 Rd7 21. Rhe1 e6 22. Kg1 Nxd5 23. Nxd5 exd5 24. Nd4 Nxd4 25. Bxd4 Bxd4 26. Rxd4 Rc7 27. Qd1 Qxb2 28. Rxd5 Rcc8 29. Rb5 Qa2 30. Rbe5 Qxa4 31. Qxa4 Rxa4 32. Re8+ Rxe8 33. Rxe8+ Kg7 34. Re3 h5 35. h4 1/2-1/2


[Site "https://www.chess.com"]